 Dungeon Crawl Stone Soup version 0.32-a0-612-g1c984fe9d1 (webtiles) character file.

Game seed: 11073972744510980115

111 cforsyth the Grave Robber (level 4, -4/38 HPs)
             Began as a Mountain Dwarf Necromancer on Mar 4, 2024.
             Succumbed to a gnoll's poison
             ... on level 2 of the Dungeon.
             The game lasted 00:05:17 (3363 turns).

cforsyth the Grave Robber (MDNe)                    Turns: 3363, Time: 00:05:18

Health: -4/38      AC:  5    Str: 13    XL:     4   Next: 62%
Magic:  3/6        EV: 10    Int: 15    God:
Gold:   160        SH:  0    Dex: 10    Spells: 5/6 levels left

rFire   . . .        m - +1 hand axe (venom)
rCold   . . .        (no shield)
rNeg    . . .        n - +0 ring mail
rPois   .            (no helmet)
rElec   .            (no cloak)
rCorr   .            (no gloves)
SInv    .            (no boots)
Will    .....        (no amulet)
Stlth   +            (no ring)
HPRegen 0.26/turn    (no ring)
MPRegen 0.10/turn

%: no passive effects
@: lethally poisoned (-4 -> -20), very slightly contaminated
A: runic magic, artefact enchanting
a: no special abilities


You were on level 2 of the Dungeon.
You visited 1 branch of the dungeon, and saw 3 of its levels.

You collected 160 gold pieces.


Innate Abilities, Weirdness & Mutations

Your spellcasting is much less encumbered by armour.
You can use scrolls of enchantment on lesser artefacts.


   Skills:
 + Level 3.1 Fighting
 + Level 1.0 Axes
 - Level 1.3 Dodging
 - Level 1.4 Stealth
 - Level 1.7 Spellcasting
 + Level 5.5 Necromancy


You had 5 spell levels left.
You knew the following spells:

 Your Spells              Type           Power      Damage    Failure   Level
X - Necrotise             Necr           72%        1d7       2%          1

Your spell library contained the following spells:

 Spells                   Type           Power      Damage    Failure   Level
 Vampiric Draining        Necr           18%        2d7       9%          3
 Magic Dart               Conj           4%         1d3       26%         1
 Animate Dead             Necr           18%        N/A       26%         4
 Searing Ray              Conj           2%         2d4       38%         2
 Curse of Agony           Necr           18%        N/A       58%         5
 Fulminant Prism          Conj/Alch      0%         3d5       95%         4

Inventory:

Hand Weapons
 f - a +0 club
 g - a +0 hand axe of flaming
 k - a +0 whip of venom
 m - a +1 hand axe of venom (weapon)
Armour
 n - a +0 ring mail (worn)
Scrolls
 c - a scroll of noise {unknown}
 e - a scroll of enchant weapon {unknown}
 h - 5 scrolls of identify {unknown}
 i - a scroll of blinking {unknown}
 l - 2 scrolls of teleportation {unknown}
Potions
 b - 3 potions of magic

Dungeon Overview and Level Annotations

Branches:
Dungeon (3/15)

Altars:

Shops:
D:1

!*!:*
.........#..........#......###.(#
...............####......#.#....#
##.....(.......# ####.....#>#.##
#.............# ###.........
##.............# #......)..
...###.##.###### ##........
...##..##.# ####........
......###.########## #....#......
................@).###....#......
...####..#########........#......
...# #..## #####....#....##
######.## #....#..#..# #......#
#######....# ..###### #...## ###
#...# # #...# # #...#


There were no monsters in sight!


Message History

You slash the gnoll!
You kill the gnoll!
Your Axes skill increases to level 1!
You start resting.
Magic restored.
You feel a little less mighty now.
You start resting.
Unknown command.
You start resting.
HP restored.
You climb downwards.
There is a stone staircase leading up, spattered with blood here.
The gnoll writhes in agony.
The gnoll barely misses you.
You miscast Necrotise.
You are very lightly contaminated with residual magic.
Nothing appears to happen.
The gnoll hits you from afar with a +2 halberd of venom!
The gnoll writhes in agony.
The gnoll hits you from afar with a +2 halberd of venom!
* * * LOW HITPOINT WARNING * * *
You are too injured to fight recklessly!
You are too injured to fight recklessly!
You are too injured to fight recklessly!
You are too injured to fight recklessly!
You are too injured to fight recklessly!
You are too injured to fight recklessly!
The gnoll hits you from afar with a +2 halberd of venom!
* * * LOW HITPOINT WARNING * * *
You are lethally poisoned!
You climb upwards.
You die...

Skill      XL: |  1  2  3  4 |
---------------+-------------+-----
Fighting       | 1 2 3 |  3.1
Necromancy     | 5 |  5.5
Axes           | 1 |  1.0
Dodging        | |  1.3
Stealth        | |  1.4
Spellcasting   | |  1.7

Action                     |  1- 3 |  4- 6 || total
---------------------------+-------+-------++-------
  Melee: Unarmed           |    25 |       ||    25
         Hand axe          |     4 |     3 ||     7
         Club              |     1 |       ||     1
   Cast: Necrotise         |    62 |    40 ||   102
    Use: Potion            |       |     2 ||     2
 Armour: Robe              |    27 |       ||    27
         Ring mail         |       |    21 ||    21
  Dodge: Dodged            |    31 |    19 ||    50

Levels and vault maps discovered:
D:1:      psy_arrival_dodecagon, layout_loops_cross,
          shapermc_ecumenical_altar_ellora, serial_shops, shop,
          nicolae_shop_dealshenge, shop, shop, shop, minmay_ruptured
D:2:      layout_rooms
D:3:      layout_loops_corners

Notes
Turn   | Place    | Note
-------+----------+-------------------------------------------
     0 | D:1      | cforsyth the Mountain Dwarf Necromancer began the quest for
                  | the Orb.
     0 | D:1      | Reached XP level 1. HP: 14/14 MP: 3/3
    21 | D:1      | Found Socan's General Store.
   196 | D:1      | Found Vaodeskaca's Book Boutique.
   200 | D:1      | Reached skill level 1 in Fighting
   209 | D:1      | Reached XP level 2. HP: 14/23 MP: 1/4
   320 | D:1      | Found Fyppuxt's Assorted Antiques.
   370 | D:1      | Found Ybeusef's Distillery.
   417 | D:1      | Found a faded altar of an unknown god.
   705 | D:1      | Found Moomac's Distillery.
   779 | D:1      | Reached skill level 2 in Fighting
   790 | D:1      | Reached skill level 5 in Necromancy
   790 | D:1      | Reached XP level 3. HP: 29/29 MP: 3/5
  2006 | D:2      | Reached XP level 4. HP: 37/37 MP: 4/6
  3088 | D:2      | Reached skill level 3 in Fighting
  3204 | D:3      | HP: 3/38 [poisoned by a gnoll]
  3232 | D:2      | Reached skill level 1 in Axes
  3362 | D:3      | HP: 1/38 [gnoll/+2 halberd of venom (9)]
  3363 | D:2      | Succumbed to a gnoll's poison

Vanquished Creatures
  3 gnolls
  3 adders
  2 dart slugs
  3 ball pythons
  5 bats
  3 endoplasms
  A giant cockroach (D:1)
  7 goblins
  6 hobgoblins
  5 jackals
  4 kobolds (D:1)
  4 frilled lizards
  7 rats
53 creatures vanquished.

Vanquished Creatures (collateral kills)
  An endoplasm (D:1)
  A bat (D:1)
2 creatures vanquished.

Grand Total: 55 creatures vanquished

Table legend: (Time is in decaauts)
 A = Elapsed time spent in this place.
 B = Non-inter-level travel time spent in this place.
 C = Inter-level travel time spent in this place.
 D = Time resting spent in this place.
 E = Time spent auto-exploring this place.
 F = Levels seen in this place.
 G = Mean time per level.
                   A        B        C        D        E       F      G
               +--------+--------+--------+--------+--------+-----+--------+
         Total |   3367 |   3163 |    204 |    752 |   2008 |   3 | 1122.3 |
       Dungeon |   3367 |   3163 |    204 |    752 |   2008 |   3 | 1122.3 |
               +--------+--------+--------+--------+--------+-----+--------+

Top non-repeatable levels by time:
     D:2: 1375 daAuts
     D:1: 1300 daAuts
     D:3: 691 daAuts

Table legend:
 A = Non-vault XP
 B = Vault XP
 C = Vault XP percentage of total XP
 D = Non-vault monster count
 E = Vault monster count
 F = Vault count percentage of total count
                 A         B        C        D         E       F
            +---------+---------+-------+---------+---------+-------
      Total |     155 |       4 |   2.5 |      53 |       2 |   3.6
            +---------+---------+-------+---------+---------+-------
        D:1 |      55 |       4 |   6.8 |      27 |       2 |   6.9
        D:2 |      76 |       0 |   0.0 |      18 |       0 |   0.0
        D:3 |      24 |       0 |   0.0 |       8 |       0 |   0.0
            +---------+---------+-------+---------+---------+-------
